 Dungeon Crawl Stone Soup version 0.31-a0-237-g2d982f9f85 (webtiles) character file.

Game seed: 11118570962062649086

141 qw the Shooter (level 5, -5/30 HPs)
             Began as a Gargoyle Hexslinger on July 11, 2023.
             Slain by Terence
             ... wielding a +0 heavy mace
              (7 damage)
             ... on level 3 of the Dungeon.
             The game lasted 00:00:47 (1486 turns).

qw the Shooter (Gargoyle Hexslinger)                Turns: 1486, Time: 00:00:48

Health: -5/30      AC: 11    Str: 17    XL:     5   Next: 24%
Magic:  6/6        EV: 11    Int: 14    God:
Gold:   141        SH:  0    Dex: 14    Spells: 5/6 levels left

rFire   . . .        Y - +1 sling
rCold   . . .        (no shield)
rNeg    + . .        h - +0 ring mail
rPois   inf          f - +0 helmet
rElec   +            g - +0 cloak
rCorr   .            (no gloves)
SInv    .            (no boots)
Will    .....        (no amulet)
Stlth   +            d - +6 ring of strength
HPRegen 0.25/turn    (no ring)
MPRegen 0.10/turn

%: no passive effects
@: no status effects
A: sickness immunity, AC +4, negative energy resistance 1, electricity
resistance, torment resistance 1, petrification resistance
a: no special abilities


You were on level 3 of the Dungeon.
You visited 1 branch of the dungeon, and saw 3 of its levels.

You collected 141 gold pieces.


Innate Abilities, Weirdness & Mutations

You are immune to sickness and miasma.
Your stone body is resilient. (AC +4)
You are immune to poison.
You resist negative energy. (rN+)
You are resistant to electric shocks. (rElec)
You are resistant to unholy torment.
You are immune to petrification.


   Skills:
 - Level 2.0 Fighting
 + Level 4.8 Ranged Weapons
 - Level 1.0 Armour
 - Level 1.5 Dodging
 - Level 1.0 Spellcasting
 - Level 2.6 Hexes


You had 5 spell levels left.
You knew the following spells:

 Your Spells              Type           Power      Damage    Failure   Level
a - Slow                  Hex            32%        N/A       16%         1

Your spell library contained the following spells:

 Spells                   Type           Power      Damage    Failure   Level
 Inner Flame              Hex/Fire       4%         N/A       63%         3
 Portal Projectile        Hex/Tloc       8%         N/A       63%         3
 Cause Fear               Hex            4%         N/A       85%         4

Inventory:

Hand Weapons
 Y - a +1 sling (weapon)
Armour
 f - a +0 helmet (worn)
 g - a +0 cloak (worn)
 h - a +0 ring mail (worn)
Jewellery
 d - a +6 ring of strength (left hand)
Scrolls
 c - a scroll of identify
Potions
 b - a potion of enlightenment
 e - a potion of heal wounds {unknown}

Dungeon Overview and Level Annotations

Branches:
Dungeon (3/15)

Altars:
Kikubaaqudgha

Annotations:
D:3 Terence


Message History

The sling bullet closely misses Terence.
The adder closely misses you. Terence hits you but does no damage.
The adder closely misses you.
You shoot a sling bullet.
The sling bullet hits Terence but does no damage.
Terence is lightly wounded.
The adder barely misses you. Terence misses you.
You shoot a sling bullet.
The sling bullet closely misses Terence.
The adder bites you but does no damage. The adder misses you.
Terence closely misses you.
You shoot a sling bullet. The sling bullet hits Terence.
Terence is lightly wounded.
The adder closely misses you. x2
You shoot a sling bullet.
The sling bullet hits Terence but does no damage.
Terence is lightly wounded.
Terence closely misses you. The adder bites you but does no damage.
You shoot a sling bullet.
The sling bullet closely misses Terence.
The adder misses you. Terence closely misses you. The adder barely misses you.
You shoot a sling bullet.
The sling bullet hits Terence but does no damage.
Terence is lightly wounded.
The adder bites you but does no damage. Terence closely misses you.
The adder bites you but does no damage.
You shoot a sling bullet. The sling bullet barely misses Terence.
The adder barely misses you. Terence hits you with a +0 heavy mace!
You shoot a sling bullet. The sling bullet hits Terence.
Terence is moderately wounded.
The adder barely misses you. x2; Terence hits you but does no damage.
You shoot a sling bullet. The sling bullet hits Terence.
Terence is heavily wounded.
The adder barely misses you. The adder completely misses you.
Terence hits you with a +0 heavy mace.
You shoot a sling bullet. The sling bullet barely misses Terence.
The adder barely misses you.
You shoot a sling bullet. The sling bullet barely misses Terence.
The adder bites you but does no damage. Terence hits you with a +0 heavy mace!
You die...

## #.. ... #..
...##.. .......
..>.... .......
......@###
#SS@.# ####.#
#.#####
#.....#####
#####.....#
########.###.##
#......#......#
#......#......#
#......#......#


You could see Terence and 2 adders.

Vanquished Creatures
  An orc wizard (D:3)
  7 adders
  2 adder skeletons (D:3)
  2 orcs (D:3)
  4 bats
  3 endoplasms
  5 giant cockroaches
  4 goblins
  4 hobgoblins
  4 kobolds
  2 quokkas (D:1)
  6 frilled lizards
  4 rats
48 creatures vanquished.

Notes
Turn   | Place    | Note
-------+----------+-------------------------------------------
     0 | D:1      | qw the Gargoyle Hexslinger began the quest for the Orb.
     0 | D:1      | Reached XP level 1. HP: 12/12 MP: 2/2
     0 | D:1      | 0 ||| qw: Version: 0.3-a-52-g30416fa
     0 | D:1      | 0 ||| qw: Game counter: 5806
     0 | D:1      | 0 ||| qw: Melee chars always use a shield: true
     0 | D:1      | 0 ||| qw: God list: Okawaru
     0 | D:1      | 0 ||| qw: Allow faded altars: false
     0 | D:1      | 0 ||| qw: Do Orc after clearing Dungeon:15 true
     0 | D:1      | 0 ||| qw: Do second Lair branch before Depths: true
     0 | D:1      | 0 ||| qw: Lair rune preference: random
     0 | D:1      | 0 ||| qw: Goals: Normal
     0 | D:1      | 0 ||| PLANNING D:1-11
    88 | D:1      | Reached XP level 2. HP: 16/16 MP: 3/3
   209 | D:1      | Reached skill level 3 in Ranged Weapons
   492 | D:1      | Reached XP level 3. HP: 21/21 MP: 4/4
   610 | D:1      | 610 ||| UPGRADING to +0 helmet.
   615 | D:1      | 615 ||| UPGRADING to +0 cloak.
   620 | D:1      | 620 ||| UPGRADING to +0 ring mail.
   630 | D:1      | 630 ||| DROPPING +0 robe.
   631 | D:1      | 631 ||| READING 2 scrolls labelled VELOYKK VUME.
   632 | D:1      | 632 ||| READING scroll labelled BUENETRU GEZYZ.
   633 | D:1      | 633 ||| READING scroll labelled VUSUGO GEIRR.
   634 | D:1      | 634 ||| DROPPING scroll of noise.
   635 | D:1      | 635 ||| DROPPING scroll of poison.
   682 | D:2      | Reached skill level 1 in Armour
   747 | D:2      | Identified the +4 falchion "Vomac" {chaos, rPois rN+ Int+3
                  | Dex-3}
   803 | D:2      | Reached XP level 4. HP: 25/26 MP: 5/5
   952 | D:2      | Found an ancient bone altar of Kikubaaqudgha.
  1049 | D:2      | Reached skill level 4 in Ranged Weapons
  1284 | D:2      | 1284 ||| UPGRADING to +6 ring of strength.
  1285 | D:2      | 1285 ||| READING scroll labelled NIUZXE VAMIRAOD.
  1286 | D:2      | 1286 ||| READING 3 scrolls labelled EZIEDONWOE.
  1287 | D:2      | 1287 ||| READING 2 scrolls of identify.
  1287 | D:2      | 1287 ||| IDENTIFYING gluggy blue potion
  1380 | D:3      | Reached XP level 5. HP: 17/30 MP: 6/6
  1461 | D:3      | Noticed Terence
  1482 | D:3      | HP: 5/30 [Terence/+0 heavy mace (8)]
  1484 | D:3      | HP: 2/30 [Terence/+0 heavy mace (4)]
  1486 | D:3      | Slain by Terence

Levels and vault maps discovered:
D:1:      dpeg_arrival_short_road, layout_loops_ring
D:2:      layout_rooms, basic_altar, minmay_quadrilaterals
D:3:      layout_basic, chequers_temple_overflow_statue_of_worship,
          serial_undead, serial_undead_a, serial_undead_d, serial_undead_b,
          serial_undead_b, minivault_23, uniq_terence

Skill      XL: |  1  2  3  4 |
---------------+-------------+-----
Ranged Weapons | 3 4 |  4.8
Fighting       | 2 |  2.0
Armour         | 1 |  1.0
Dodging        | |  1.5
Spellcasting   | |  1.0
Hexes          | |  2.6

Action                     |  1- 3 |  4- 6 || total
---------------------------+-------+-------++-------
   Fire: Sling             |    88 |   116 ||   204
    Use: Scroll            |     3 |     3 ||     6
 Armour: Robe              |     9 |       ||     9
         Ring mail         |    22 |    45 ||    67
  Dodge: Dodged            |    35 |    61 ||    96

Table legend:
 A = Non-vault XP
 B = Vault XP
 C = Vault XP percentage of total XP
 D = Non-vault monster count
 E = Vault monster count
 F = Vault count percentage of total count
                 A         B        C        D         E       F
            +---------+---------+-------+---------+---------+-------
      Total |     185 |      17 |   8.4 |      41 |       7 |  14.6
            +---------+---------+-------+---------+---------+-------
        D:1 |      37 |       0 |   0.0 |      22 |       0 |   0.0
        D:2 |      75 |       7 |   8.5 |      10 |       5 |  33.3
        D:3 |      73 |      10 |  12.0 |       9 |       2 |  18.2
            +---------+---------+-------+---------+---------+-------
